 Dungeon Crawl Stone Soup version 0.21.0 (webtiles) character file.

2703 vatarom the Protected (level 9, -5/71 HPs)
             Began as a Gnoll Wanderer on Jan 5, 2018.
             Killed by divine providence
             ... invoked by an orc priest
              (13 damage)
             ... on level 7 of the Dungeon.
             The game lasted 00:18:37 (6563 turns).

vatarom the Protected (Gnoll Wanderer)              Turns: 6563, Time: 00:18:37

Health: -5/71      AC:  8    Str: 20    XL:     9   Next: 65%
Magic:  15/15      EV: 13    Int: 10    God:
Gold:   149        SH:  0    Dex: 17    Spells: 16/16 levels left

rFire    + + .     SeeInvis .   B - +0 glaive
rCold    + . .     Gourm    .   (shield currently unavailable)
rNeg     . . .     Faith    .   c - +0 ring mail
rPois    +         Spirit   .   (no helmet)
rElec    +         Reflect  .   (no cloak)
rCorr    +         Harm     .   (no gloves)
MR       .....                  u - +0 pair of boots
Stlth    ++........             (no amulet)
HPRegen  0.21/turn              r - ring of protection from fire
MPRegen  0.14/turn              (no ring)

@: resistant
A: distributed training, fangs 1, strong nose
a: no special abilities


You were on level 7 of the Dungeon.
You were completely stuffed.

You visited 2 branches of the dungeon, and saw 8 of its levels.
You also visited: Ossuary.

You collected 292 gold pieces.
You spent 143 gold pieces at shops.

Inventory:

Hand Weapons
 b - a +2 blowgun
 d - a +0 hand crossbow
 t - a +0 shortbow
 B - a +0 glaive (weapon)
Missiles
 a - a curare-tipped needle
 e - 11 bolts
 h - 3 silver tomahawks
 l - 12 poisoned needles
 n - a throwing net (quivered)
Armour
 c - a +0 ring mail (worn)
 u - a +0 pair of boots (worn)
Jewellery
 k - an uncursed ring of resist corrosion
 r - a ring of protection from fire (left hand)
Wands
 w - a wand of disintegration (7)
Scrolls
 g - 6 scrolls of identify
 j - 2 scrolls of immolation
 m - a scroll of magic mapping
 o - 3 scrolls of remove curse
 s - 2 scrolls of teleportation
 x - a scroll of fear
 y - a scroll of blinking
 z - 2 scrolls of holy word
Comestibles
 f - 5 rations


   Skills:
 + Level 6.4 Fighting
 + Level 4.3 Short Blades
 + Level 4.3 Long Blades
 + Level 4.3 Axes
 + Level 5.1 Maces & Flails
 + Level 4.3 Polearms
 + Level 4.3 Staves
 + Level 4.3 Slings
 + Level 4.3 Bows
 + Level 5.1 Crossbows
 + Level 5.1 Throwing
 + Level 9.6 Armour
 + Level 4.3 Dodging
 + Level 4.3 Stealth
 + Level 4.3 Shields
 + Level 4.3 Unarmed Combat
 + Level 4.3 Spellcasting
 + Level 3.6 Conjurations
 + Level 3.6 Hexes
 + Level 3.6 Charms
 + Level 3.6 Summonings
 + Level 3.6 Necromancy
 + Level 3.6 Translocations
 + Level 3.6 Transmutations
 + Level 3.6 Fire Magic
 + Level 3.6 Ice Magic
 + Level 3.6 Air Magic
 + Level 3.6 Earth Magic
 + Level 3.6 Poison Magic
 + Level 4.8 Invocations
 + Level 5.1 Evocations


You had 16 spell levels left.
You didn't know any spells.

Dungeon Overview and Level Annotations

Branches:
Dungeon (7/15)             Temple (1/1) D:6

Altars:
Ashenzari
Cheibriados
Elyvilon
Fedhas
Gozag
Kikubaaqudgha
Makhleb
Qazlal
Ru
Sif Muna
Vehumet
Xom
Yredelemnul
Zin

Shops:
D:4 !


Innate Abilities, Weirdness & Mutations

Your experience applies equally to all skills.
You have very sharp teeth.
Your uncanny sense of smell can sniff out nearby items.


Message History

The orc's wounds heal themselves!
The orc hits you with a trident.
* * * LOW HITPOINT WARNING * * *
You closely miss the orc. The orc closely misses you. x2
You closely miss the orc. You bite the orc, but do no damage.
The orc hits you but does no damage.
You closely miss the orc. You bite the orc.
The orc is lightly wounded.
The orc hits you with a trident.
* * * LOW HITPOINT WARNING * * *
A centaur comes into view. It is wielding a dagger.
The centaur shouts!
You slash the orc!
You kill the orc!
The orc priest looks encouraged for a moment.
Unknown command.
You closely miss the centaur. You bite the centaur, but do no damage.
The centaur misses you. x2
The orc priest invokes the aid of Beogh against you.
Beogh smites you!
You die...

### #.. #.# #.#
#.# #@# ####
########c###...#
......รท.ao..#
########.#.##
#....# #..#.##
#.....#
#.####...#
##.####.#.#


You could see a centaur, a worker ant and an orc priest.

Vanquished Creatures
  The ghost of inmateoo the Skirmisher, a novice GrFi (D:4)
  Grinder (D:6)
  A wraith (Ossuary)
  An orc warrior (D:6)
  A phantom (D:6)
  A black bear (D:6)
  2 ice beasts
  A sky beast (D:7)
  An ogre (D:5)
  A centaur (D:7)
  3 bullfrogs
  A wyvern skeleton (D:6)
  2 scorpions
  4 killer bees (D:7)
  4 wights (D:6)
  3 howler monkeys (D:7)
  2 crimson imps
  A centaur zombie (D:6)
  A hound (D:7)
  2 jellies
  A bullfrog skeleton (D:6)
  2 iguanas (D:6)
  A centaur skeleton (D:4)
  2 worker ants
  A mummy (Ossuary)
  5 gnolls
  9 adders
  3 oozes
  4 worms
  A dart slug (D:3)
  5 leopard geckos
  5 orcs
  2 giant cockroaches
  4 goblins
  4 hobgoblins
  9 jackals
  A quokka (D:4)
  A ball python (D:3)
  A ball python skeleton (D:5)
  4 bats
  A frilled lizard (D:5)
  5 gnoll skeletons (Ossuary)
  4 kobolds
  11 kobold skeletons (Ossuary)
  9 orc skeletons (Ossuary)
  A quokka skeleton (D:5)
  2 quokka zombies (D:5)
  4 rats
  A rat zombie (D:5)
137 creatures vanquished.

Vanquished Creatures (others)
  A kobold (D:3)
1 creature vanquished.

Grand Total: 138 creatures vanquished

Notes
Turn   | Place    | Note
-------+----------+-------------------------------------------
     0 | D:1      | vatarom the Gnoll Wanderer began the quest for the Orb.
     0 | D:1      | vatarom set off with: a curare-tipped needle, a +2 blowgun, a +0 ring mail, a +0 hand crossbow, 29 bolts, a ration
     0 | D:1      | Reached XP level 1. HP: 20/20 MP: 2/2
    75 | D:1      | Reached XP level 2. HP: 26/26 MP: 3/3
   545 | D:1      | Reached XP level 3. HP: 31/31 MP: 4/4
  1210 | D:2      | Reached skill level 1 in Invocations
  1262 | D:2      | Reached skill level 1 in Short Blades
  1262 | D:2      | Reached skill level 1 in Long Blades
  1262 | D:2      | Reached skill level 1 in Axes
  1262 | D:2      | Reached skill level 1 in Polearms
  1262 | D:2      | Reached skill level 1 in Staves
  1262 | D:2      | Reached skill level 1 in Slings
  1262 | D:2      | Reached skill level 1 in Bows
  1262 | D:2      | Reached skill level 1 in Dodging
  1262 | D:2      | Reached skill level 1 in Stealth
  1262 | D:2      | Reached skill level 1 in Shields
  1262 | D:2      | Reached skill level 1 in Unarmed Combat
  1262 | D:2      | Reached skill level 1 in Spellcasting
  1262 | D:2      | Reached XP level 4. HP: 18/38 MP: 4/6
  1909 | D:2      | Reached skill level 1 in Conjurations
  1909 | D:2      | Reached skill level 1 in Hexes
  1909 | D:2      | Reached skill level 1 in Charms
  1909 | D:2      | Reached skill level 1 in Summonings
  1909 | D:2      | Reached skill level 1 in Necromancy
  1909 | D:2      | Reached skill level 1 in Translocations
  1909 | D:2      | Reached skill level 1 in Transmutations
  1909 | D:2      | Reached skill level 1 in Fire Magic
  1909 | D:2      | Reached skill level 1 in Ice Magic
  1909 | D:2      | Reached skill level 1 in Air Magic
  1909 | D:2      | Reached skill level 1 in Earth Magic
  1909 | D:2      | Reached skill level 1 in Poison Magic
  2312 | D:3      | Found a glowing silver altar of Zin.
  2313 | D:3      | Noticed an angel
  2314 | D:3      | Found a shimmering altar of Xom.
  2531 | D:3      | Reached XP level 5. HP: 43/43 MP: 7/7
  2695 | D:4      | Noticed inmateoo's ghost (novice GrFi)
  2717 | D:4      | Killed inmateoo's ghost
  2717 | D:4      | Reached skill level 5 in Fighting
  2717 | D:4      | Reached XP level 6. HP: 31/51 MP: 7/9
  2983 | D:4      | Found a shattered altar of Ashenzari.
  3099 | D:4      | Reached XP level 7. HP: 41/56 MP: 10/10
  3587 | D:4      | Found Lemidaon's Distillery.
  3591 | D:4      | Bought a potion of heal wounds for 65 gold pieces
  3591 | D:4      | Bought a potion of curing for 39 gold pieces
  3591 | D:4      | Bought a potion of curing for 39 gold pieces
  3651 | D:5      | Entered Level 5 of the Dungeon
  3874 | D:5      | Found a sand-covered staircase.
  3893 | Ossuary  | Entered an ossuary
  3893 | Ossuary  | Noticed a wraith
  3893 | Ossuary  | Noticed a wraith
  3893 | Ossuary  | Noticed a wraith
  3920 | Ossuary  | Reached skill level 9 in Armour
  3977 | Ossuary  | Noticed a wraith
  3983 | Ossuary  | Killed a wraith
  3983 | Ossuary  | Reached XP level 8. HP: 43/63 MP: 10/12
  4232 | D:5      | Found a basalt altar of Yredelemnul.
  4573 | D:6      | Noticed Grinder
  4587 | D:6      | Killed Grinder
  4787 | D:6      | Found a snail-covered altar of Cheibriados.
  4983 | D:6      | Reached XP level 9. HP: 29/69 MP: 14/14
  5790 | D:6      | Found a staircase to the Ecumenical Temple.
  5811 | Temple   | Entered the Ecumenical Temple
  6205 | D:7      | Reached skill level 5 in Maces & Flails
  6205 | D:7      | Reached skill level 5 in Crossbows
  6205 | D:7      | Reached skill level 5 in Throwing
  6205 | D:7      | Reached skill level 5 in Evocations
  6298 | D:7      | HP: 3/70 [killer bee (5)]
  6299 | D:7      | HP: 1/70 [killer bee (1)]
  6563 | D:7      | Killed from afar by an orc priest

Skill      XL: |  1  2  3  4  5  6  7  8  9 |
---------------+----------------------------+-----
Invocations    | 1 2 3 4 |  4.8
Short Blades   | 1 2 3 4 |  4.3
Long Blades    | 1 2 3 4 |  4.3
Axes           | 1 2 3 4 |  4.3
Polearms       | 1 2 3 4 |  4.3
Staves         | 1 2 3 4 |  4.3
Slings         | 1 2 3 4 |  4.3
Bows           | 1 2 3 4 |  4.3
Dodging        | 1 2 3 4 |  4.3
Stealth        | 1 2 3 4 |  4.3
Shields        | 1 2 3 4 |  4.3
Unarmed Combat | 1 2 3 4 |  4.3
Spellcasting   | 1 2 3 4 |  4.3
Conjurations   | 1 2 3 |  3.6
Hexes          | 1 2 3 |  3.6
Charms         | 1 2 3 |  3.6
Summonings     | 1 2 3 |  3.6
Necromancy     | 1 2 3 |  3.6
Translocations | 1 2 3 |  3.6
Transmutations | 1 2 3 |  3.6
Fire Magic     | 1 2 3 |  3.6
Ice Magic      | 1 2 3 |  3.6
Air Magic      | 1 2 3 |  3.6
Earth Magic    | 1 2 3 |  3.6
Poison Magic   | 1 2 3 |  3.6
Fighting       | 5 6 |  6.4
Maces & Flails | 3 4 5 |  5.1
Crossbows      | 3 4 5 |  5.1
Throwing       | 3 4 5 |  5.1
Evocations     | 3 4 5 |  5.1
Armour         | 9 |  9.6

Action                   |  1- 3 |  4- 6 |  7- 9 || total
-------------------------+-------+-------+-------++-------
Melee: Spear             |    70 |    61 |       ||   131
       Bite              |     5 |     4 |    17 ||    26
       Dire flail        |       |       |    43 ||    43
       Halberd           |       |       |    24 ||    24
       Glaive            |       |       |    90 ||    90
       Unarmed           |       |       |     3 ||     3
 Fire: Hand crossbow     |    13 |    52 |   238 ||   303
       Blowgun           |     1 |       |       ||     1
Throw: Tomahawk          |       |       |     4 ||     4
       Throwing net      |       |       |     1 ||     1
  Use: Scroll            |     3 |     5 |     9 ||    17
       Potion            |       |     2 |    15 ||    17
 Stab: Invisible         |       |       |     1 ||     1
       Held in net/web   |       |       |     1 ||     1
  Eat: Chunk             |     1 |     2 |     3 ||     6
       Ration            |       |     1 |     5 ||     6
Armor: Ring mail         |    29 |    10 |    94 ||   133
       Skin              |       |    13 |    24 ||    37
Dodge: Dodged            |    44 |    36 |   226 ||   306
